[Event "Titled Tuesday Blitz November 14 Late 2023"]
[White "Erzhanov, Arman"]
[Black "Chigaev, Maksim"]
[WhiteFideId "4138821"]
[BlackFideId "4108116"]
[WhiteElo "2503"]
[BlackElo "2921"]
[Result "0-1"]
[Round "1"]
[TimeControl "180+1"]
[Date "2023.11.14"]
[WhiteClock "0:00:13"]
[BlackClock "0:00:10"]
[Board "23"]

1. e4 e6 2. b3 d5 3. Bb2 Nf6 4. e5 Nfd7 5. f4 c5 6. Qg4 h5 7. Qg3 g6 8. Nf3 Nc6 9. Nc3 Ne7 10. Bd3 a6 11. a4 b6 12. O-O Bb7 13. Ng5 Nf5 14. Bxf5 gxf5 15. Ne2 h4 16. Qf2 Be7 17. Nf3 h3 18. g3 d4 19. c3 d3 20. Nc1 c4 21. bxc4 Nc5 22. Qe3 Qd7 23. a5 Qc6 24. axb6 Qxb6 25. Ba3 Rd8 26. Nd4 Ba8 27. Kf2 Ne4+ 28. Kg1 Qb7 29. Nf3 Bxa3 30. Rxa3 Kf8 31. Nb3 Kg7 32. Nbd4 Qb2 33. Rb3 Qa2 34. Rfb1 Nxc3 35. R1b2 Qa1+ 36. Qe1 Ne2+ 37. Kf2 Qxe1+ 38. Kxe1 Nxd4 39. Nxd4 Rxd4 40. Rc3 Rc8 41. Rb4 Re4+ 42. Kf2 Re2+ 43. Kf1 Rxh2 44. Rbb3 Rh1+ 45. Kf2 h2 46. Rxd3 Rd1 0-1


[Site "https://www.chess.com"]

[Event "Titled Tuesday Blitz November 14 Late 2023"]
[White "Hong, Andrew"]
[Black "Mekhane, Adam"]
[WhiteFideId "2099438"]
[BlackFideId "36050601"]
[WhiteElo "2916"]
[BlackElo "2501"]
[Result "1-0"]
[Round "1"]
[TimeControl "180+1"]
[Date "2023.11.14"]
[WhiteClock "0:00:28"]
[BlackClock "0:00:00"]
[Board "24"]

1. Nf3 Nf6 2. d4 g6 3. Bg5 Bg7 4. Nbd2 d5 5. e3 O-O 6. c4 dxc4 7. Bxc4 b6 8. e4 Bb7 9. Qe2 Nc6 10. d5 Na5 11. Bd3 c5 12. O-O h6 13. Bh4 Ng4 14. h3 Ne5 15. Nxe5 Bxe5 16. Nf3 Bg7 17. Rad1 Rc8 18. b3 c4 19. bxc4 Ba6 20. Rc1 Qd7 21. e5 e6 22. d6 Nb7 23. Nd2 Nc5 24. Bb1 Bb7 25. f4 Qc6 26. Rc3 Kh8 27. Rg3 a6 28. Qg4 Rg8 29. Be7 b5 30. Qh4 bxc4 31. Nf3 Ne4 32. Bxe4 Qxe4 33. Bf6 h5 34. Ng5 Qd4+ 35. Kh2 Rcf8 36. Nxe6 fxe6 37. Rxg6 1-0


[Site "https://www.chess.com"]

[Event "Titled Tuesday Blitz November 14 Late 2023"]
[White "Gatterer, Florian"]
[Black "Sjugirov, Sanan"]
[WhiteFideId "811688"]
[BlackFideId "4189302"]
[WhiteElo "2500"]
[BlackElo "2912"]
[Result "0-1"]
[Round "1"]
[TimeControl "180+1"]
[Date "2023.11.14"]
[WhiteClock "0:00:02"]
[BlackClock "0:00:38"]
[Board "25"]

1. d4 Nf6 2. Nf3 d5 3. g3 Bf5 4. c4 c6 5. Nc3 e6 6. Qb3 Qb6 7. c5 Qc7 8. Bf4 Qc8 9. Qd1 h6 10. Bg2 Nbd7 11. O-O Be7 12. Ne5 Nxe5 13. Bxe5 O-O 14. b4 Nd7 15. Bf4 Bh7 16. Re1 Qd8 17. e4 dxe4 18. Bxe4 Bxe4 19. Nxe4 Nf6 20. Nxf6+ Bxf6 21. Bd6 Re8 22. Qg4 a5 23. a3 Qd7 24. h4 Ra6 25. Rab1 axb4 26. axb4 Ra4 27. Red1 Qd8 28. h5 Qa8 29. Bf4 Kh8 30. Be5 Qd8 31. Bd6 Kg8 32. Qf3 Qa8 33. Qg4 Ra2 34. Be5 Qd8 35. Bd6 Be7 36. Be5 Bf8 37. b5 Qd7 38. b6 Rea8 39. Rb3 Qd5 40. Qf3 Ra1 41. Rxa1 Rxa1+ 42. Kg2 Qc4 43. Qd3 Qc1 44. Qf3 Qh1# 0-1


[Site "https://www.chess.com"]

[Event "Titled Tuesday Blitz November 14 Late 2023"]
[White "Yeletsky, Ivan"]
[Black "Kuznecovs, Nikita"]
[WhiteFideId "24180327"]
[BlackFideId "11604557"]
[WhiteElo "2908"]
[BlackElo "2499"]
[Result "1-0"]
[Round "1"]
[TimeControl "180+1"]
[Date "2023.11.14"]
[WhiteClock "0:00:31"]
[BlackClock "0:00:13"]
[Board "26"]

1. Nf3 Nf6 2. g3 b5 3. a4 b4 4. a5 Bb7 5. c3 c5 6. d3 a6 7. e4 Nc6 8. Qa4 Qc7 9. Bg2 e6 10. O-O Be7 11. Bf4 e5 12. Nxe5 Nxe5 13. d4 Nfg4 14. dxe5 Nxe5 15. cxb4 cxb4 16. Rc1 Qb8 17. Nd2 g5 18. Bxe5 Qxe5 19. Nc4 Qe6 20. Nb6 Rd8 21. e5 Bxg2 22. Kxg2 O-O 23. Re1 Bc5 24. Rad1 Rfe8 25. Nxd7 Kh8 26. Nxc5 1-0


[Site "https://www.chess.com"]

[Event "Titled Tuesday Blitz November 14 Late 2023"]
[White "Sreyas Payyappat"]
[Black "Kovalev, Vladislav"]
[WhiteFideId "46674969"]
[BlackFideId "13504398"]
[WhiteElo "2498"]
[BlackElo "2893"]
[Result "1/2-1/2"]
[Round "1"]
[TimeControl "180+1"]
[Date "2023.11.14"]
[WhiteClock "0:00:21"]
[BlackClock "0:00:04"]
[Board "27"]

1. e4 e5 2. Nf3 Nc6 3. Bc4 Nf6 4. d4 exd4 5. e5 d5 6. Bb5 Nd7 7. O-O Be7 8. Nxd4 Nxd4 9. Qxd4 c6 10. Bd3 O-O 11. Nc3 Nc5 12. Be3 Ne6 13. Qg4 d4 14. Rad1 dxe3 15. Bxh7+ Kxh7 16. Rxd8 exf2+ 17. Rxf2 Nxd8 18. Qh5+ Kg8 19. Ne4 Ne6 20. Rf3 f5 21. exf6 Bxf6 22. Nxf6+ gxf6 23. Rh3 Ng7 24. Qh7+ Kf7 25. Rg3 Rg8 26. Qg6+ Ke7 27. Qh6 Kf7 28. Qg6+ Ke7 29. Qh6 Kf7 30. Qg6+ 1/2-1/2


[Site "https://www.chess.com"]

[Event "Titled Tuesday Blitz November 14 Late 2023"]
[White "Zhigalko, Sergei"]
[Black "Hajiyev, Kanan"]
[WhiteFideId "13502956"]
[BlackFideId "13404148"]
[WhiteElo "2891"]
[BlackElo "2497"]
[Result "1-0"]
[Round "1"]
[TimeControl "180+1"]
[Date "2023.11.14"]
[WhiteClock "0:01:31"]
[BlackClock "0:01:38"]
[Board "28"]

1. e4 c6 2. d4 d5 3. e5 a6 4. Nf3 Bg4 5. h3 Bxf3 6. Qxf3 e6 7. Bd3 c5 8. dxc5 Bxc5 9. Qg3 g6 10. O-O Nc6 11. Nd2 Qc7 12. Nf3 Nge7 13. Bg5 O-O-O 14. c3 Rde8 15. b4 Ba7 16. a4 Bb8 17. Bf6 Rhg8 18. b5 Nf5 19. Qf4 axb5 20. axb5 Na5 21. b6 Qxb6 22. Rfb1 Qc7 23. Qa4 Nc4 24. Bxc4 dxc4 25. Rb4 1-0


[Site "https://www.chess.com"]

[Event "Titled Tuesday Blitz November 14 Late 2023"]
[White "Kanyamarala, Trisha"]
[Black "Salinas Herrera, Pablo"]
[WhiteFideId "45004722"]
[BlackFideId "3407128"]
[WhiteElo "2497"]
[BlackElo "2889"]
[Result "0-1"]
[Round "1"]
[TimeControl "180+1"]
[Date "2023.11.14"]
[WhiteClock "0:00:06"]
[BlackClock "0:00:28"]
[Board "29"]

1. d4 d6 2. Nf3 g6 3. e3 Bg7 4. Bd3 Nc6 5. O-O e5 6. b3 d5 7. Be2 e4 8. Nfd2 f5 9. c4 Nce7 10. cxd5 Nxd5 11. Bb2 Ngf6 12. Nc3 c6 13. Nc4 O-O 14. Rc1 Be6 15. Ba3 Rf7 16. Ne5 Rc7 17. Na4 f4 18. Nc5 Bf5 19. exf4 Nxf4 20. Bc4+ N6d5 21. Re1 h5 22. Nxe4 Kh7 23. Nd6 Qg5 24. Qf3 Rf8 25. Qg3 Qh6 26. Bxd5 Nxd5 27. Nb5 h4 28. Qf3 Rcc8 29. Bxf8 Rxf8 30. Nd6 Be6 31. Qe4 Nf4 32. g3 Nh3+ 33. Kh1 Nxf2+ 34. Kg2 Nxe4 35. Nxe4 Bd5 36. Ng4 h3+ 37. Kg1 Bxd4+ 38. Kh1 Qxc1 0-1


[Site "https://www.chess.com"]

[Event "Titled Tuesday Blitz November 14 Late 2023"]
[White "Kovalenko, Igor"]
[Black "Ventura Bolet, Maxim"]
[WhiteFideId "14117908"]
[BlackFideId "22238824"]
[WhiteElo "2875"]
[BlackElo "2497"]
[Result "1-0"]
[Round "1"]
[TimeControl "180+1"]
[Date "2023.11.14"]
[WhiteClock "0:00:16"]
[BlackClock "0:00:00"]
[Board "30"]

1. c4 g6 2. d4 Bg7 3. e4 d6 4. Nc3 Nd7 5. f4 c5 6. d5 Ngf6 7. Nf3 O-O 8. Bd3 e6 9. O-O exd5 10. exd5 a6 11. a4 b6 12. h3 Rb8 13. Bd2 Ne8 14. g4 Nc7 15. b3 b5 16. Ra2 bxc4 17. bxc4 Ne8 18. a5 Ndf6 19. Kg2 Kh8 20. Ne2 Ng8 21. Ng3 Ne7 22. Rh1 f5 23. g5 Rb2 24. Rxb2 Bxb2 25. h4 Kg7 26. h5 Bd7 27. Qc2 Bd4 28. Nxd4 cxd4 29. Qb2 Kf7 30. Qxd4 Rg8 31. h6 Qc7 32. Re1 Qc5 33. Bc3 Qxd4 34. Bxd4 Nc8 35. Rb1 Nc7 36. Rb7 1-0


[Site "https://www.chess.com"]

[Event "Titled Tuesday Blitz November 14 Late 2023"]
[White "Dudzinski, Pawel"]
[Black "Kowalski, Igor"]
[WhiteFideId "1117890"]
[BlackFideId "1172468"]
[WhiteElo "2491"]
[BlackElo "2874"]
[Result "0-1"]
[Round "1"]
[TimeControl "180+1"]
[Date "2023.11.14"]
[WhiteClock "0:00:07"]
[BlackClock "0:00:20"]
[Board "31"]

1. e4 g6 2. Nc3 Bg7 3. g3 c5 4. Bg2 Nc6 5. d3 h5 6. h3 d6 7. Be3 e6 8. Nge2 Nge7 9. d4 h4 10. dxc5 hxg3 11. cxd6 gxf2+ 12. Bxf2 Ng8 13. Qd2 a6 14. O-O-O Bd7 15. Nd4 Ne5 16. Qe2 b5 17. Nf3 b4 18. Nxe5 Bxe5 19. Nd5 exd5 20. exd5 Rh5 21. Bf3 Bb5 22. Qe1 Rf5 23. Bd4 Qg5+ 24. Be3 Qf6 25. Bg4 Kd7 0-1


[Site "https://www.chess.com"]

[Event "Titled Tuesday Blitz November 14 Late 2023"]
[White "Eljanov, Pavel"]
[Black "Cruz Mendez, Jean Marco"]
[WhiteFideId "14102951"]
[BlackFideId "3526402"]
[WhiteElo "2874"]
[BlackElo "2490"]
[Result "1-0"]
[Round "1"]
[TimeControl "180+1"]
[Date "2023.11.14"]
[WhiteClock "0:01:22"]
[BlackClock "0:00:54"]
[Board "32"]

1. c4 e5 2. Nc3 Nc6 3. Nf3 Nf6 4. e4 Bb4 5. d3 d6 6. a3 Ba5 7. g3 O-O 8. Bg2 Bb6 9. O-O h6 10. Na4 Bd4 11. Nxd4 Nxd4 12. Be3 Bg4 13. f3 Be6 14. b4 Qd7 15. Nc3 c6 16. Rb1 Bh3 17. Bxh3 Qxh3 18. Bxd4 exd4 19. Ne2 Nh5 20. g4 Nf6 21. Nxd4 h5 22. g5 Nh7 23. f4 g6 24. Qf3 Qd7 25. h4 Rae8 26. f5 c5 27. Ne2 b6 28. Rf2 Kg7 29. Rbf1 f6 30. Qg3 fxg5 31. hxg5 gxf5 32. exf5 d5 33. f6+ Kg8 34. f7+ 1-0


[Site "https://www.chess.com"]

[Event "Titled Tuesday Blitz November 14 Late 2023"]
[White "Jesseinkman"]
[Black "Henriquez Villagra, Cristobal"]
[BlackFideId "3409350"]
[WhiteElo "2486"]
[BlackElo "2870"]
[Result "0-1"]
[Round "1"]
[TimeControl "180+1"]
[Date "2023.11.14"]
[WhiteClock "0:00:00"]
[BlackClock "0:00:08"]
[Board "33"]

1. e4 d6 2. d4 g6 3. Nf3 a6 4. a4 Bg7 5. Nc3 Nd7 6. Be3 Ngf6 7. Bc4 O-O 8. h3 b6 9. O-O e6 10. Re1 Bb7 11. Bg5 h6 12. Bh4 Qe8 13. e5 dxe5 14. dxe5 Nh7 15. Bg3 Rd8 16. Qe2 a5 17. Nb5 Qe7 18. Nxc7 Bxf3 19. gxf3 h5 20. f4 h4 21. Bh2 Nxe5 22. fxe5 Qxc7 23. Qg4 Qc5 24. c3 Rd2 25. Re2 Rxe2 26. Qxe2 Rd8 27. Bf4 g5 28. Bh2 Nf8 29. Bb3 Ng6 30. Re1 Kf8 31. Bc2 Nf4 32. Bxf4 gxf4 33. Rd1 Rxd1+ 34. Qxd1 Ke7 35. Qd6+ Qxd6 36. exd6+ Kxd6 37. b4 Bxc3 38. bxa5 Bxa5 39. f3 Ke5 40. Kg2 Kd4 41. Bb3 Ke5 42. Bc2 Bb4 43. Bb3 Bc5 44. Bc2 Kd4 45. Bb3 Kc3 46. Bd1 Kb4 47. Kf1 f5 48. Ke2 e5 49. Bc2 Bd6 50. Bd1 e4 51. Bc2 Kc3 52. Bd1 Bc5 53. Ke1 Kd3 54. Kf1 Bb4 55. Be2+ Kd2 56. Bb5 Bc5 57. Bc6 Ke3 58. Bd5 Kxf3 59. Be6 e3 60. Bc4 Kg3 61. Be6 f3 62. Bxf5 e2+ 0-1


[Site "https://www.chess.com"]

[Event "Titled Tuesday Blitz November 14 Late 2023"]
[White "Beerdsen, Thomas"]
[Black "Sztokbant, Bernardo Vainzoff"]
[WhiteFideId "1030108"]
[BlackFideId "2115956"]
[WhiteElo "2868"]
[BlackElo "2484"]
[Result "1-0"]
[Round "1"]
[TimeControl "180+1"]
[Date "2023.11.14"]
[WhiteClock "0:01:56"]
[BlackClock "0:02:13"]
[Board "34"]

1. e4 c5 2. Nf3 d6 3. d4 cxd4 4. Nxd4 Nf6 5. Nc3 g6 6. h3 Bg7 7. Nf3 O-O 8. Bc4 Nc6 9. O-O Be6 10. Bb3 Rc8 11. Bg5 Nd7 12. Qe2 Nde5 13. Rad1 Nxf3+ 14. Qxf3 Nd4 15. Qe3 Nxb3 16. cxb3 Qa5 17. Bxe7 Rfe8 18. Bxd6 b5 19. a3 f6 20. b4 Qa6 21. Bc5 Bb3 22. Rd6 Qb7 23. Nd5 Bxd5 24. Rxd5 f5 25. Qb3 Kh8 26. exf5 gxf5 27. Rxf5 Re2 28. Rd1 Rg8 29. Rf7 Qe4 30. Rxg7 Kxg7 31. Rd7+ Kh6 32. Qxg8 Re1+ 33. Kh2 Qb1 34. Qg7+ 1-0


[Site "https://www.chess.com"]

[Event "Titled Tuesday Blitz November 14 Late 2023"]
[White "Keleberda, Tymur"]
[Black "Rustemov, Alexander"]
[WhiteFideId "14174294"]
[BlackFideId "4119002"]
[WhiteElo "2481"]
[BlackElo "2862"]
[Result "0-1"]
[Round "1"]
[TimeControl "180+1"]
[Date "2023.11.14"]
[WhiteClock "0:01:08"]
[BlackClock "0:02:02"]
[Board "35"]

1. e4 e6 2. d4 d5 3. Nc3 dxe4 4. Nxe4 Bd7 5. Nf3 Bc6 6. Bd3 Nd7 7. c3 Ngf6 8. Qe2 Nxe4 9. Bxe4 Bxe4 10. Qxe4 c6 11. O-O Bd6 12. Bf4 Nf6 13. Qe3 Nd5 14. Qe4 Nxf4 15. Ne5 Ng6 16. f4 f5 17. Qe2 Nxe5 18. fxe5 Be7 19. a4 O-O 20. a5 c5 21. a6 cxd4 22. axb7 Rb8 23. Rfd1 Rxb7 24. cxd4 Qd5 25. Ra6 Rfb8 26. Rd2 Rxb2 27. Rxb2 Qxd4+ 28. Qf2 0-1


[Site "https://www.chess.com"]

[Event "Titled Tuesday Blitz November 14 Late 2023"]
[White "Szpar, Milosz"]
[Black "Willy, Stephen"]
[WhiteFideId "1184989"]
[BlackFideId "30981468"]
[WhiteElo "2857"]
[BlackElo "2477"]
[Result "1-0"]
[Round "1"]
[TimeControl "180+1"]
[Date "2023.11.14"]
[WhiteClock "0:01:42"]
[BlackClock "0:00:11"]
[Board "36"]

1. Nf3 c5 2. c4 Nc6 3. Nc3 e5 4. g3 d6 5. Bg2 g6 6. O-O Bg7 7. e3 Nge7 8. b3 O-O 9. Bb2 f5 10. d3 h6 11. Ne2 g5 12. d4 e4 13. Nd2 f4 14. exf4 gxf4 15. Nxf4 Nxd4 16. Nxe4 Rxf4 17. gxf4 Ng6 18. Bxd4 Bxd4 19. Qf3 Kh7 20. Rad1 Nh4 21. Qh5 Nxg2 22. Ng5+ Kg7 23. Qf7+ 1-0


[Site "https://www.chess.com"]

[Event "Titled Tuesday Blitz November 14 Late 2023"]
[White "Shohat, Yotam"]
[Black "Urazayev, Arystanbek"]
[WhiteFideId "2813955"]
[BlackFideId "13709810"]
[WhiteElo "2475"]
[BlackElo "2852"]
[Result "1/2-1/2"]
[Round "1"]
[TimeControl "180+1"]
[Date "2023.11.14"]
[WhiteClock "0:00:04"]
[BlackClock "0:00:08"]
[Board "37"]

1. e4 c6 2. c4 d5 3. cxd5 cxd5 4. exd5 Nf6 5. Nc3 Nxd5 6. Nf3 Nc6 7. Bb5 e6 8. O-O Be7 9. d4 O-O 10. Re1 Bf6 11. Ne4 Nce7 12. Nxf6+ Nxf6 13. Bg5 Ned5 14. Ne5 h6 15. Bh4 a6 16. Bc4 Qd6 17. Qf3 Bd7 18. Qg3 Bb5 19. b3 Rad8 20. Rad1 Rc8 21. h3 Nh5 22. Qf3 Nhf4 23. Bg3 g5 24. Bxd5 Qxd5 25. Bxf4 Qxf3 26. Nxf3 gxf4 27. Rd2 Bc6 28. Ne5 Bd5 29. Nd7 Rfd8 30. Nf6+ Kf8 31. f3 Rc3 32. Nh5 Re3 33. Rc1 Bc6 34. Nxf4 e5 35. Ne2 Bb5 36. Kf2 Rxe2+ 37. Rxe2 Bxe2 38. Kxe2 Rxd4 39. Rc7 Rb4 40. Kd3 Kg7 41. Kc3 Rb6 42. Kc4 h5 43. g4 h4 44. Kd5 Kf6 45. Rc8 Rb5+ 46. Ke4 Rb4+ 47. Ke3 a5 48. Rh8 a4 49. bxa4 Rxa4 50. Rh6+ Kg5 51. Rh5+ Kf6 52. Rxh4 Rxa2 53. Rh6+ Kg5 54. Rb6 Ra7 55. Ke4 f6 56. h4+ Kxh4 57. Rxf6 Ra5 58. Rf5 Kg3 59. Rxe5 Ra4+ 60. Kf5 Kxf3 61. g5 Rf4+ 62. Ke6 Rg4 63. Kf6 Kf4 64. Rf5+ Ke4 65. g6 Kd4 66. g7 Rxg7 67. Kxg7 Kc4 68. Kf6 b5 69. Ke5 b4 70. Rf8 b3 71. Rc8+ Kd3 72. Rb8 Kc2 73. Kd4 b2 74. Rc8+ Kd2 75. Rb8 Kc2 76. Rxb2+ Kxb2 1/2-1/2


[Site "https://www.chess.com"]

[Event "Titled Tuesday Blitz November 14 Late 2023"]
[White "Tactrics"]
[Black "MFatigue"]
[WhiteElo "2852"]
[BlackElo "2475"]
[Result "1-0"]
[Round "1"]
[TimeControl "180+1"]
[Date "2023.11.14"]
[WhiteClock "0:01:25"]
[BlackClock "0:00:02"]
[Board "38"]

1. e4 e6 2. f4 d5 3. e5 c5 4. Nf3 Nc6 5. c3 Nh6 6. Na3 Nf5 7. Nc2 Be7 8. Bd3 O-O 9. Bxf5 exf5 10. d4 f6 11. dxc5 Bxc5 12. Be3 b6 13. O-O Be6 14. Re1 fxe5 15. Nxe5 Nxe5 16. Bxc5 bxc5 17. Rxe5 Re8 18. Qd2 g6 19. Rae1 Qd7 20. b4 c4 21. Nd4 Bf7 22. h3 Kg7 23. Qd1 h6 24. a4 Rxe5 25. Rxe5 Re8 26. Nf3 Rxe5 27. Nxe5 Qc7 28. Qd4 Kg8 29. b5 g5 30. Nc6 a6 31. Qf6 axb5 32. axb5 gxf4 33. Ne7+ Kf8 34. Nxf5 Qd7 35. b6 Qb5 36. Qh8+ Bg8 37. Qg7+ Ke8 38. Qe7# 1-0


[Site "https://www.chess.com"]

[Event "Titled Tuesday Blitz November 14 Late 2023"]
[White "Kopczynski, Michal"]
[Black "Zakhartsov, Vladimir"]
[WhiteFideId "1124200"]
[BlackFideId "4145097"]
[WhiteElo "2474"]
[BlackElo "2847"]
[Result "0-1"]
[Round "1"]
[TimeControl "180+1"]
[Date "2023.11.14"]
[WhiteClock "0:00:24"]
[BlackClock "0:01:44"]
[Board "39"]

1. e4 c6 2. d4 d5 3. Nc3 dxe4 4. Nxe4 Bf5 5. Ng3 Bg6 6. h4 h6 7. Nh3 e6 8. Nf4 Bh7 9. Bd3 Qxd4 10. Be3 Qd8 11. Nxe6 Qa5+ 12. c3 fxe6 13. Bxh7 Rxh7 14. Qd3 Nf6 15. Qg6+ Kd8 16. Rd1+ Nbd7 17. Ne4 Qf5 18. Qf7 Nd5 0-1


[Site "https://www.chess.com"]

[Event "Titled Tuesday Blitz November 14 Late 2023"]
[White "Klekowski, Maciej"]
[Black "YouShallNotPass001"]
[WhiteFideId "1132717"]
[WhiteElo "2842"]
[BlackElo "2474"]
[Result "1/2-1/2"]
[Round "1"]
[TimeControl "180+1"]
[Date "2023.11.14"]
[WhiteClock "0:00:22"]
[BlackClock "0:00:12"]
[Board "40"]

1. c4 Nf6 2. Nc3 e6 3. Nf3 d5 4. e3 Be7 5. b3 O-O 6. Bb2 dxc4 7. bxc4 c5 8. g3 b6 9. Bg2 Bb7 10. O-O Nc6 11. Qe2 Na5 12. Rad1 Ne4 13. Nxe4 Bxe4 14. d3 Bb7 15. Bc3 Bf6 16. Bxa5 bxa5 17. Rb1 Bc6 18. Nd2 Qc7 19. Bxc6 Qxc6 20. Rb5 Bc3 21. Nb3 a4 22. Nd2 Bb4 23. Qf3 Qd6 24. Ne4 Qxd3 25. Rd1 Qxc4 26. Rb7 Qxa2 27. Rdd7 e5 28. Ng5 Qb1+ 29. Kg2 Qg6 30. Nxf7 e4 31. Qf4 Rae8 32. Qc7 Bc3 33. Rxa7 Bf6 34. Qc6 Qf5 35. Qxa4 Qf3+ 36. Kg1 Rb8 37. Qa2 c4 38. Nh6+ Kh8 39. Nf7+ Kg8 40. Nd6 Kh8 41. Rab7 Ra8 42. Nf7+ Kg8 43. Nh6+ Kh8 44. Ra7 Rab8 45. Nf7+ Kg8 1/2-1/2


[Site "https://www.chess.com"]

[Event "Titled Tuesday Blitz November 14 Late 2023"]
[White "Martin Barcelo, Carles"]
[Black "Margvelashvili, Giorgi"]
[WhiteFideId "24561444"]
[BlackFideId "13602926"]
[WhiteElo "2472"]
[BlackElo "2836"]
[Result "1/2-1/2"]
[Round "1"]
[TimeControl "180+1"]
[Date "2023.11.14"]
[WhiteClock "0:00:28"]
[BlackClock "0:00:24"]
[Board "41"]

1. e4 c6 2. d4 d5 3. Nc3 dxe4 4. Nxe4 Bf5 5. Qf3 e6 6. c3 Nd7 7. Bd3 Bg6 8. Ne2 Ngf6 9. Nxf6+ Qxf6 10. Qxf6 Nxf6 11. Bxg6 hxg6 12. Bd2 Bd6 13. h3 O-O-O 14. O-O-O Rhe8 15. Bf4 Bxf4+ 16. Nxf4 e5 17. dxe5 Rxe5 18. Rhe1 Rf5 19. Nd3 Rd7 20. f3 Rfd5 21. Nf4 Rxd1+ 22. Rxd1 Re7 23. Kd2 g5 24. Nd3 Kd7 25. Re1 Rxe1 26. Kxe1 Kd6 27. Ke2 Nd5 28. g3 b5 29. Kd2 a5 30. b3 Ne7 31. Nf2 f6 32. Ne4+ Kd5 33. Kd3 Nf5 34. a3 a4 35. c4+ bxc4+ 36. bxc4+ Ke5 37. Kc3 Nd4 38. Nd2 Ne2+ 39. Kb4 Nxg3 40. Kxa4 Ne2 41. Kb4 Kd6 42. Ne4+ Kc7 43. Kc5 Nf4 44. Ng3 g6 45. Ne4 Ne6+ 46. Kb4 f5 47. Nd2 Nf4 48. Kc5 Nxh3 49. a4 Nf4 50. Kd4 Kd6 51. c5+ Ke6 52. a5 Kf6 53. a6 Ne6+ 54. Ke3 Nc7 55. a7 Ke5 56. Kd3 Kd5 57. Nb3 g4 58. fxg4 fxg4 59. Nd4 Kxc5 60. Ne6+ Kb6 61. Nxc7 Kxa7 62. Ke4 Kb6 63. Ne6 c5 64. Nxc5 Kxc5 65. Kf4 Kd5 66. Kxg4 Ke6 67. Kg5 Kf7 68. Kg4 Kf6 69. Kf4 g5+ 70. Kg4 Kg6 71. Kg3 Kf5 72. Kf3 g4+ 73. Kg3 Kg5 74. Kg2 Kf4 75. Kf2 g3+ 76. Kg2 Ke3 77. Kxg3 1/2-1/2


[Site "https://www.chess.com"]

[Event "Titled Tuesday Blitz November 14 Late 2023"]
[White "BardArtem"]
[Black "WindWhistler11"]
[WhiteElo "2835"]
[BlackElo "2465"]
[Result "0-1"]
[Round "1"]
[TimeControl "180+1"]
[Date "2023.11.14"]
[WhiteClock "0:00:00"]
[BlackClock "0:00:29"]
[Board "42"]

1. e4 e6 2. d4 d5 3. Nc3 Bb4 4. Ne2 Ne7 5. a3 Ba5 6. b4 Bb6 7. Bb2 Nbc6 8. g3 O-O 9. Bg2 e5 10. Nxd5 Nxd5 11. exd5 Nxd4 12. Nxd4 exd4 13. O-O Qf6 14. Qd2 Bg4 15. Rfe1 Rad8 16. Re4 Bf5 17. Rf4 Qg6 18. Bxd4 Bxc2 19. Bxb6 cxb6 20. h4 Bb3 21. Re1 Qh6 22. Re5 Rd7 23. Qc3 Ba4 24. Bh3 Rd6 25. Qc7 Qg6 26. Be6 Rxe6 27. dxe6 Qb1+ 28. Kh2 Bc6 29. Ree4 Bxe4 30. exf7+ Kh8 31. f3 Qc2+ 32. Kh3 Qxc7 0-1


[Site "https://www.chess.com"]

[Event "Titled Tuesday Blitz November 14 Late 2023"]
[White "Grossboss19"]
[Black "Pakleza, Zbigniew"]
[BlackFideId "1119290"]
[WhiteElo "2464"]
[BlackElo "2821"]
[Result "0-1"]
[Round "1"]
[TimeControl "180+1"]
[Date "2023.11.14"]
[WhiteClock "0:00:03"]
[BlackClock "0:00:02"]
[Board "43"]

1. c4 c6 2. Nf3 d5 3. d4 Nf6 4. e3 Bf5 5. Bd3 Bg6 6. O-O Nbd7 7. b3 e6 8. Bb2 Be7 9. Re1 O-O 10. Nc3 Ne4 11. Bxe4 dxe4 12. Nd2 f5 13. f3 Nf6 14. fxe4 fxe4 15. Ne2 Bd6 16. Nf4 Bf5 17. Nf1 Bg4 18. Qd2 g5 19. Ne2 Bf5 20. Nfg3 Bg6 21. Rf1 h5 22. d5 cxd5 23. cxd5 h4 24. Nh1 Ng4 25. g3 e5 26. h3 Nf6 27. g4 Qd7 28. Nf2 Rac8 29. Rac1 Kg7 30. Rxc8 Rxc8 31. Rc1 b5 32. b4 Rxc1+ 33. Bxc1 Bf7 34. Bb2 Bxd5 35. a3 Qe6 36. Nc3 Bc6 37. Qe2 a6 38. a4 Qd7 39. axb5 axb5 40. Qd1 Kf7 41. Qb3+ Qe6 42. Qa3 Qc4 43. Qa7+ Be7 44. Qb8 Ke6 45. Ncd1 Qxb4 46. Qxe5+ Kf7 47. Qxg5 Qd6 48. Be5 Qd2 49. Qf4 Qe1+ 50. Kg2 Ke6 51. g5 Nd5 52. Qxe4 Nxe3+ 53. Nxe3 Bxe4+ 54. Nxe4 Qxe3 0-1


[Site "https://www.chess.com"]

[Event "Titled Tuesday Blitz November 14 Late 2023"]
[White "Mikaelyan, Arman"]
[Black "Ahn, Hongjin"]
[WhiteFideId "13304852"]
[BlackFideId "13201492"]
[WhiteElo "2821"]
[BlackElo "2463"]
[Result "1-0"]
[Round "1"]
[TimeControl "180+1"]
[Date "2023.11.14"]
[WhiteClock "0:00:57"]
[BlackClock "0:00:49"]
[Board "44"]

1. d4 Nf6 2. c4 g6 3. Nc3 d6 4. e4 Nbd7 5. Be2 e5 6. Nf3 Bg7 7. O-O O-O 8. Re1 Re8 9. Bf1 a5 10. b3 c6 11. d5 c5 12. g3 Nh5 13. Bg2 Rf8 14. Nh4 Nf4 15. Bf1 f5 16. exf5 gxf5 17. Nb5 Ra6 18. Bb2 Ng6 19. Nxg6 hxg6 20. Qd2 Nf6 21. Qg5 Qe8 22. Nc7 Qf7 23. Nxa6 bxa6 24. h4 Nh7 25. Qd2 f4 26. Bg2 g5 27. hxg5 Nxg5 28. gxf4 Qxf4 29. Qxf4 Rxf4 30. Re3 Bf6 31. Rae1 Kf7 32. Rg3 Bg4 33. Bc1 Rd4 34. Be3 1-0


[Site "https://www.chess.com"]

[Event "Titled Tuesday Blitz November 14 Late 2023"]
[White "Kovalevsky, Stanislav"]
[Black "Ivic, Velimir"]
[WhiteFideId "13508598"]
[BlackFideId "950122"]
[WhiteElo "2460"]
[BlackElo "2816"]
[Result "0-1"]
[Round "1"]
[TimeControl "180+1"]
[Date "2023.11.14"]
[WhiteClock "0:00:08"]
[BlackClock "0:00:15"]
[Board "45"]

1. e4 c5 2. c3 d5 3. exd5 Nf6 4. Nf3 Nxd5 5. d4 cxd4 6. cxd4 Nc6 7. Nc3 Bg4 8. Be2 e6 9. O-O Be7 10. Ne4 O-O 11. h3 Bh5 12. a3 Qb6 13. Be3 Rad8 14. b4 f5 15. Nc5 f4 16. Bd2 Bxf3 17. Bxf3 Nxd4 18. Re1 Bxc5 19. Bxd5 Rxd5 20. bxc5 Qc6 21. Qg4 e5 22. Bc3 Nc2 23. Rxe5 Rxe5 24. Bxe5 Qg6 25. Qxg6 hxg6 26. Ra2 Ne1 27. Bd6 Rf7 28. Rd2 f3 29. g3 g5 30. a4 Kh7 31. a5 a6 32. Kh2 Ng2 33. Rd1 Kg6 34. Rb1 Kh5 35. Rd1 Rd7 36. Rd3 Rf7 37. Rd5 Kg6 38. Bb8 Ne1 39. Rd2 Re7 40. Bd6 Re2 41. Rd5 Rxf2+ 42. Kh1 Rg2 43. Re5 f2 44. Re6+ Kh7 45. Rxe1 fxe1=Q+ 46. Kxg2 Qe4+ 47. Kg1 Kg6 48. Bc7 Qc6 49. Bb6 Kf5 50. Kf2 Ke4 51. h4 g4 52. Ke2 Qb5+ 0-1


[Site "https://www.chess.com"]

[Event "Titled Tuesday Blitz November 14 Late 2023"]
[White "mind1mover"]
[Black "Weisz, Bryan"]
[BlackFideId "30934133"]
[WhiteElo "2813"]
[BlackElo "2454"]
[Result "1-0"]
[Round "1"]
[TimeControl "180+1"]
[Date "2023.11.14"]
[WhiteClock "0:00:56"]
[BlackClock "0:00:16"]
[Board "46"]

1. d4 Nf6 2. Nf3 c5 3. c3 d5 4. dxc5 Nc6 5. b4 e5 6. Bg5 e4 7. Nd4 a5 8. e3 axb4 9. Bb5 Bd7 10. Bxc6 bxc6 11. cxb4 Be7 12. a3 Ng4 13. Bf4 Bf6 14. Bd6 Ne5 15. O-O Bg4 16. Qc2 Qd7 17. Nc3 Nf3+ 18. gxf3 Bxf3 19. Nxf3 exf3 20. Kh1 h5 21. Rg1 h4 22. e4 d4 23. e5 Be7 24. Ne4 Qe6 25. Bxe7 Kxe7 26. Nd6 Qxd6 1-0


[Site "https://www.chess.com"]